Map: Apotheosis LE

Players

SeP - Winner!

  • Race: Terran Terran
  • League: Silver

Gracz

  • Race: Terran Terran
  • League: Silver

VOD

Have the link to the VOD?

Description

Time

  • Played on: Oct. 8, 2016, 1:20 p.m.
  • Length: 5:42
Show
View Real Time Build Order
Export as new Build Order

SeP Terran - Winner!

Build Orders:  

Get SALT Encoding   

  12  0:01  SCV  
  13  0:18  Supply Depot  
  13  0:22  SCV  
  14  0:38  Refinery  
  14  0:44  Barracks  
  14  0:45  SCV  
  15  0:58  SCV  
  14  2:18  Marine  
  15  2:27  SCV  
  16  2:35  Marine  
  17  2:39  SCV  
  17  2:49  Supply Depot  
  17  2:53  Marine  
  17  3:18  Marine  
  18  3:36  Marine  
  19  3:52  SCV  
  19  3:54  Marine  
  21  4:04  SCV  
  22  4:12  Marine  
  22  4:16  SCV  
  24  4:30  Marine  
  24  4:32  Supply Depot  
  24  4:35  SCV  
  25  4:48  Marine, SCV  
  27  5:00  SCV  
  27  5:05  Marine  
  28  5:23  Marine  
Show
View Real Time Build Order
Export as new Build Order

Gracz Terran 

Build Orders:  

Get SALT Encoding   

  12  0:04  SCV  
  13  0:16  SCV  
  14  0:28  SCV  
  6  2:33  Supply Depot  
  1  3:25  SCV  
  2  3:58  SCV  
  3  4:29  SCV  
  4  4:54  SCV  
Tags
 
Add a new tag
Caveats
  • Supply blocks, unpowered buildings, or Contaminate may cause inaccurate times.
  • Supply counts are checked every 10 seconds.